 Dungeon Crawl Stone Soup version 0.30-a0-782-ge64f9170bb (webtiles) character file.

Game seed: 6949851944907724698

17591 Armakuni the Fencer (level 12, 0/59 (63) HPs)
             Began as a Vine Stalker Monk on Mar 14, 2023.
             Was an Elder of the Shining One.
             Slain by a minotaur
             ... wielding a +1 quarterstaff of draining
              (1 damage)
             ... in a Gauntlet.
             The game lasted 00:31:26 (9179 turns).

Armakuni the Fencer (Vine Stalker Monk)             Turns: 9179, Time: 00:31:27

HP:   0/59 (63)     AC:  8    Str: 20    XL:     12   Next: 49%
MP:   0/16          EV: 13    Int: 13    God:    the Shining One [****..]
Gold: 273           SH:  7    Dex: 26    Spells: 9/11 levels left

rFire   . . .      SeeInvis .    a - +0 double sword (venom)
rCold   . . .      Faith    .    (no shield)
rNeg    + + .      Spirit   +    C - +0 troll leather armour
rPois   +          Reflect  .    H - +2 hat {Int+3}
rElec   +          Harm     .    (no cloak)
rCorr   .          Rampage  .    j - +0 pair of gloves
Will    +....      NoTele   +    u - +0 pair of boots of Asydgheha {rElec rPois Regen+ Dex-2}
Stlth   +                        M - amulet of magic regeneration
HPRegen 2.69/turn                V - +6 ring of strength
MPRegen 0.55/turn                D - +6 ring of dexterity

@: divinely shielded, glowing, drained
A: fangs 3, regeneration 1, magic shield, antimagic bite, no potion heal 2
a: Renounce Religion, Divine Shield, Cleansing Flame


You were in a Gauntlet.
You worshipped the Shining One.
The Shining One was greatly pleased with you.
You visited 2 branches of the dungeon, and saw 13 of its levels.
You also visited: Sewer and Gauntlet.

You collected 727 gold pieces.
You spent 454 gold pieces at shops.

Inventory:

Hand Weapons
 a - a +0 double sword of venom (weapon)
 b - a +2 heavy shortbow
 c - a +1 demon blade of electrocution
 f - a +0 scimitar of flaming
Armour
 j - a +0 pair of gloves (worn)
 u - the +0 pair of boots of Asydgheha (worn) {rElec rPois Regen+ Dex-2}
   (You bought it in a shop on level 4 of the Dungeon)

   Dex:       It affects your dexterity (-2).
   rElec:     It insulates you from electricity.
   rPois:     It protects you from poison.
   Regen:     It increases your rate of health regeneration.
 C - a +0 troll leather armour (worn)
 F - a +0 buckler
 H - a +2 hat of intelligence (worn)
Jewellery
 e - a ring of protection from fire
 D - a +6 ring of dexterity (right hand)
 I - a ring of see invisible
 L - a ring of flight
 M - an amulet of magic regeneration (around neck)
 O - the ring of the Empire {*Corrode rF++ rN+}
   (You found it in a Gauntlet)

   [ring of positive energy]

   rF:        It greatly protects you from fire.
   rN:        It protects you from negative energy.
   *Corrode:  It may corrode you when you take damage.
 V - a +6 ring of strength (left hand)
 W - the amulet "Kamyrit" {Spirit rN++ Will++ Int+2}
   (You found it in a Gauntlet)

   [amulet of guardian spirit]

   It causes incoming damage to be divided between your reserves of health and
   magic.
   Int:       It affects your intelligence (+2).
   rN:        It greatly protects you from negative energy.
   Will:      It greatly increases your willpower.
Wands
 h - a wand of roots (1)
 o - a wand of polymorph (4)
 p - a wand of acid (2)
 E - a wand of paralysis (15)
Scrolls
 g - 6 scrolls of noise
 q - 3 scrolls of enchant armour
 r - 3 scrolls of enchant weapon
 s - 3 scrolls of amnesia
 v - 2 scrolls of teleportation
 J - a scroll of vulnerability
 K - a scroll of butterflies
Potions
 d - 5 potions of cancellation
 i - 3 potions of might
 k - 2 potions of magic
 l - 2 potions of mutation {unknown}
 m - 2 potions of haste {unknown}
 n - 3 potions of heal wounds {unknown}
 t - a potion of brilliance {unknown}
 w - 3 potions of degeneration {unknown}
 x - 2 potions of curing {unknown}
 z - a potion of resistance {unknown}
 A - 2 potions of attraction {unknown}
 G - a potion of flight {unknown}
 N - a potion of invisibility {unknown}


   Skills:
 + Level 7.1 Fighting
 - Level 16.0 Long Blades
 - Level 5.0 Ranged Weapons
 - Level 2.4 Dodging
 - Level 2.4 Stealth
 + Level 4.6 Invocations


You had 9 spell levels left.
You knew the following spells:

 Your Spells              Type           Power      Damage    Failure   Level
w - Wereblood             Tmut           0%         N/A       50%         2

Your spell library contained the following spells:

 Spells                   Type           Power      Damage    Failure   Level
 Foxfire                  Conj/Fire      0%         2x1d4     36%         1
 Magic Dart               Conj           0%         1d3       36%         1
 Searing Ray              Conj           0%         2d4       50%         2
 Sublimation of Blood     Necr           0%         N/A       50%         2
 Vhi's Electric Charge    Tloc/Air       0%         N/A       73%         3
 Anguish                  Hex/Necr       0%         N/A       98%         4
 Fulminant Prism          Conj/Hex       0%         3d5       98%         4
 Manifold Assault         Tloc           0%         N/A       98%         4
 Fireball                 Conj/Fire      0%         3d3       100%        5
 Dispersal                Tloc           0%         N/A       100%        6
 Starburst                Conj/Fire      0%         6d3       100%        6
 Enfeeble                 Hex            0%         N/A       100%        7
 Summon Hydra             Summ           0%         N/A       100%        7
 Disjunction              Tloc           0%         N/A       100%        8


Dungeon Overview and Level Annotations

Branches:
Dungeon (10/15)            Temple (0/1) D:5            Lair (3/5) D:8
 Shoals (0/4) Lair:3       Spider (0/4) Lair:3        Sewer (visited)
Gauntlet (1/1)
    Orc: D:9-12

Altars:
Ashenzari
Cheibriados
Fedhas
Gozag
Hepliaklqana
Kikubaaqudgha
Nemelex Xobeh
Okawaru
Qazlal
Ru
Sif Muna
Uskayaw
Wu Jian
Yredelemnul
The Shining One

Shops:
D:3 :   D:4 [   D:6 *   D:9 [

Annotations:
D:10 Urug Gauntlet 6 transporters, exclusion: ice statue


Innate Abilities, Weirdness & Mutations

You have razor-sharp teeth.
Your natural rate of healing is unusually fast.
When hurt, damage is shared between your health and your magic reserves.
Your bite disrupts and absorbs the magic of your enemies.
Potions cannot restore your health.


Message History

The bolt of acid hits the minotaur but does no damage.
The minotaur is lightly wounded.
You slash the minotaur!
The minotaur is poisoned.
You bite the minotaur, but do no damage.
The minotaur is lightly wounded.
Unknown command.
Aiming: Corrosive Bolt
Press: ? - help, Shift-Dir - straight line, f/p - minotaur
Aim: a minotaur, wielding a +1 quarterstaff of draining, wearing a +4 plate armour of positive energy and quivering javelins (lightly wounded, very poisoned, haloed, 91% to hit)
The bolt of acid misses the minotaur.
The minotaur barely misses you. The minotaur completely misses you.
You hit the minotaur but do no damage.
You bite the minotaur, but do no damage.
The minotaur is lightly wounded.
The minotaur hits you with a +1 quarterstaff of draining!!
You partially resist.
You feel drained. You block the minotaur's attack.
You hit the minotaur but do no damage.
The minotaur looks as sick as possible!
You bite the minotaur. You drain its power.
You feel invigorated.
The minotaur is moderately wounded.
You block the minotaur's attack. The minotaur gores you!
You hit the minotaur but do no damage.
The minotaur looks as sick as possible!
You bite the minotaur, but do no damage.
The minotaur is moderately wounded.
The minotaur hits you but does no damage.
You partially resist.
The minotaur gores you but does no damage.
You slash the minotaur!
The minotaur looks as sick as possible!
You bite the minotaur! You drain its power.
You feel invigorated.
The minotaur is heavily wounded.
You hit the minotaur but do no damage.
The minotaur looks as sick as possible!
You bite the minotaur, but do no damage.
The minotaur is heavily wounded.
The minotaur hits you with a +1 quarterstaff of draining!!
You partially resist.
You feel drained. The minotaur gores you.
* * * LOW HITPOINT WARNING * * *
The minotaur attacks as you move away!
The minotaur hits you with a +1 quarterstaff of draining!!
* * * LOW HITPOINT WARNING * * *
You partially resist.
You feel drained.
You die...

#####..#?....
#≈8≈#..#=.... ###
#...#..#©...© #..
#.8.#..#?.... #.#
##...#..#.....
#.#....8.#..#.....
#.#.##...#..#5pp.. ###
#...##...#..######
#..⌠.##@#.##.©.#≈.......
'⌠....H.#......#∩.......
#...∩##.#.##.©.#≈.......
#.⌠. #...##...#..######
##+ #.#.##...#..#.....
#.#....8.#..#...##
#.#.##...#..#....#
#...##.8.#..#.#..#
######...#..#©.###


You could see a minotaur (extremely poisoned).

Vanquished Creatures
  Gastronok (Lair:1)
  A catoblepas (Lair:1)
  Erica (Lair:1)
  2 two-headed ogres
  Nergalle (Lair:3)
  A skyshark (Lair:2)
  A necromancer (Gauntlet)
  A cyclops (D:9)
  2 black mambas
  4 cane toads
  5 komodo dragons
  A troll (D:9)
  10 blink frogs
  Prince Ribbit (D:6)
  2 centaur simulacra (Gauntlet)
  3 wyverns
  2 wraiths
  3 yaks (Lair:1)
  A basilisk (Lair:1)
  5 water moccasins
  A hydra simulacrum (Gauntlet)
  5 orc warriors
  2 sky beasts
  3 black bears
  9 wolves
  6 ogres
  2 centaurs
  A phantom (D:7)
  A kobold brigand (D:7)
  11 bullfrogs
  A gnoll sergeant (D:6)
  3 scorpions
  4 wights (D:8)
  8 killer bees
  A howler monkey (D:6)
  A lava snake (D:8)
  A jelly (D:5)
  4 orc priests
  6 orc wizards
  3 iguanas
  3 small abominations (Gauntlet)
  A mummy (D:4)
  7 gnolls
  8 adders
  3 white imps
  2 ufetubi
  A dart slug (D:2)
  2 worms (D:2)
  30 orcs
  6 endoplasms
  7 giant cockroaches
  7 goblins
  7 hobgoblins
  11 jackals
  6 quokkas
  11 ball pythons
  10 bats
  11 frilled lizards
  18 kobolds
  5 rats
277 creatures vanquished.

Vanquished Creatures (others)
  A hound (D:5)
  14 demonic plants (Gauntlet)
  5 fungi
  2 plants
  22 withered plants (Gauntlet)
44 creatures vanquished.

Grand Total: 321 creatures vanquished

Notes
Turn   | Place    | Note
-------+----------+-------------------------------------------
     0 | D:1      | Armakuni the Vine Stalker Monk began the quest for the Orb.
     0 | D:1      | Reached XP level 1. HP: 11/11 MP: 2/2
   139 | D:1      | Reached skill level 3 in Long Blades
   139 | D:1      | Reached XP level 2. HP: 16/16 MP: 3/3
   551 | D:1      | Reached XP level 3. HP: 14/20 MP: 4/4
  1040 | D:2      | Gained mutation: Your natural rate of healing is unusually
                  | fast. [Vine Stalker growth]
  1040 | D:2      | Reached XP level 4. HP: 24/24 MP: 5/5
  1091 | D:2      | Reached skill level 4 in Long Blades
  1412 | D:3      | Found an iron altar of Okawaru.
  1412 | D:3      | Found a hide-covered altar of Uskayaw.
  1523 | D:3      | Found Sosen's Book Shoppe.
  1534 | D:3      | Learned a level 2 spell: Wereblood
  1703 | D:3      | Reached XP level 5. HP: 28/28 MP: 6/6
  2045 | D:4      | Found Adunopt's Armour Boutique.
  2201 | D:4      | Noticed an ogre
  2265 | D:4      | Found a snail-covered altar of Cheibriados.
  2512 | D:4      | Found a glowing drain.
  2526 | Sewer    | Entered a sewer
  2532 | Sewer    | Reached skill level 5 in Long Blades
  2717 | Sewer    | Reached XP level 6. HP: 33/33 MP: 7/7
  2789 | Sewer    | Identified the +1 leather armour of the Heavens {Harm
                  | Rampage}
  2832 | D:4      | Reached XP level 7. HP: 38/38 MP: 8/8
  2892 | D:4      | Bought the +0 pair of boots of Asydgheha {rElec rPois
                  | Regen+ Dex-2} for 222 gold pieces
  3028 | D:4      | Reached skill level 6 in Long Blades
  3155 | D:4      | Identified a scroll of acquirement
  3156 | D:4      | Acquired a +1 demon blade of electrocution
  3354 | D:4      | Found a blossoming altar of Fedhas.
  3373 | D:5      | Entered Level 5 of the Dungeon
  3379 | D:5      | Reached skill level 1 in Ranged Weapons
  3518 | D:5      | Found a staircase to the Ecumenical Temple.
  3572 | D:5      | Found a sacrificial altar of Ru.
  3626 | D:5      | Gained mutation: You have razor-sharp teeth. [Vine Stalker
                  | growth]
  3626 | D:5      | Reached XP level 8. HP: 42/42 MP: 9/9
  3953 | D:5      | Found a stormy altar of Qazlal.
  3955 | D:5      | Noticed an air elemental
  3956 | D:5      | Noticed a water elemental
  4245 | D:6      | Reached skill level 5 in Ranged Weapons
  4284 | D:6      | Found a broken altar of Ashenzari.
  4311 | D:6      | Noticed Prince Ribbit
  4443 | D:6      | Killed Prince Ribbit
  4444 | D:6      | Reached skill level 7 in Long Blades
  4455 | D:6      | Found Tischaimo's Hallowed Reliquary.
  4455 | D:6      | Noticed an angel
  4674 | D:6      | Noticed a wraith
  4676 | D:6      | Reached skill level 8 in Long Blades
  4714 | D:6      | Killed a wraith
  4715 | D:6      | Reached XP level 9. HP: 45/46 MP: 8/10
  4941 | D:6      | Found a hazy altar of Hepliaklqana.
  4942 | D:6      | Found an ornate altar of the Wu Jian Council.
  4943 | D:6      | Found a glowing golden altar of the Shining One.
  4943 | D:6      | Found a sparkling altar of Nemelex Xobeh.
  4947 | D:6      | Became a worshipper of the Shining One
  4947 | D:6      | Reached * piety under the Shining One
  4947 | D:6      | Reached ** piety under the Shining One
  5315 | D:7      | Reached skill level 9 in Long Blades
  5454 | D:7      | Found the +8 trishula "Condemnation" {holy, anguish, *Noise
                  | Fly rN+}
  5523 | D:7      | Found an ancient bone altar of Kikubaaqudgha.
  5768 | D:8      | Reached skill level 10 in Long Blades
  5857 | D:8      | Noticed a two-headed ogre
  5862 | D:8      | Killed a two-headed ogre
  5863 | D:8      | Reached skill level 11 in Long Blades
  5863 | D:8      | Reached XP level 10. HP: 51/51 MP: 11/11
  5970 | D:8      | Reached skill level 12 in Long Blades
  5979 | D:8      | Found a staircase to the Lair.
  6249 | D:9      | Reached *** piety under the Shining One
  6317 | D:9      | Noticed a two-headed ogre
  6326 | D:9      | Killed a two-headed ogre
  6327 | D:9      | Reached skill level 13 in Long Blades
  6403 | D:9      | Found a shimmering blue altar of Sif Muna.
  6403 | D:9      | Found an opulent altar of Gozag.
  6450 | D:9      | Noticed a cyclops
  6451 | D:9      | Found Zawurus's Antique Armour Boutique.
  6467 | D:9      | Killed a cyclops
  6485 | D:9      | Bought a pair of runed gloves for 232 gold pieces
  6568 | D:9      | Found a basalt altar of Yredelemnul.
  6996 | D:10     | Entered Level 10 of the Dungeon
  6996 | D:10     | Noticed Urug
  7054 | Lair:1   | Entered Level 1 of the Lair of Beasts
  7054 | Lair:1   | Noticed Erica
  7062 | Lair:1   | Killed Erica
  7063 | Lair:1   | Reached XP level 11. HP: 38/54 MP: 7/12
  7065 | Lair:1   | Reached skill level 14 in Long Blades
  7108 | Lair:1   | Got the Lectures on the Traveller and Soot
  7363 | Lair:1   | Noticed Gastronok
  7406 | Lair:1   | Killed Gastronok
  7480 | Lair:1   | Reached skill level 15 in Long Blades
  7694 | Lair:1   | Noticed a catoblepas
  7728 | Lair:1   | Killed a catoblepas
  8183 | Lair:2   | Reached skill level 16 in Long Blades
  8189 | Lair:2   | Reached skill level 1 in Invocations
  8189 | Lair:2   | Reached XP level 12. HP: 36/59 MP: 7/13
  8267 | Lair:2   | Reached skill level 5 in Fighting
  8776 | Lair:3   | Noticed Nergalle
  8791 | Lair:3   | Killed Nergalle
  8817 | Lair:3   | Found a gate leading to a gauntlet.
  8839 | Gauntlet | Entered a Gauntlet
  8839 | Gauntlet | Found a transporter.
  8839 | Gauntlet | Found a transporter.
  8839 | Gauntlet | Found a transporter.
  8859 | Gauntlet | Found a transporter.
  8871 | Gauntlet | Found a transporter.
  8873 | Gauntlet | Found a transporter.
  8883 | Gauntlet | Found a transporter.
  8904 | Gauntlet | Found a transporter.
  8909 | Gauntlet | Found a transporter.
  8913 | Gauntlet | Reached **** piety under the Shining One
  8933 | Gauntlet | Found a transporter.
  8933 | Gauntlet | Found a transporter.
  8957 | Gauntlet | Found the +3 hat of Pondering {ponderous, Will+ MP+10
                  | Int+5}
  8971 | Gauntlet | Found a transporter.
  9058 | Gauntlet | HP: 3/62 [small abomination (17)]
  9102 | Gauntlet | Identified the ring of the Empire {*Corrode rF++ rN+}
  9140 | Gauntlet | Identified the amulet "Kamyrit" {Spirit rN++ Will++ Int+2}
  9165 | Gauntlet | Noticed a minotaur
  9179 | Gauntlet | HP: 1/60 [minotaur/+1 quarterstaff of draining (16)]
  9179 | Gauntlet | Slain by a minotaur

Illustrated notes

Levels and vault maps discovered:
D:1:      minmay_arrival_four_houses, layout_loops_cross, grunt_decor_resistance
D:2:      minmay_general_purpose_star, layout_rooms
D:3:      layout_basic, grunt_temple_overflow_open, serial_shops, shop
D:4:      layout_basic, slow_altar_1, mainiacjoe_overflow_boulevard,
          serial_shops, nicolae_shop_stone, portal_sewer_entry_d
D:5:      layout_basic, nicolae_qazlal_style_of_elements, lemuel_crystal_altar,
          minmay_temple_entry_statues_fountains
D:6:      layout_gridville, evilmike_ruin_ashenzari,
          mainiacjoe_overflow_alcove_3, nicolae_good_shop, uniq_prince_ribbit1
D:7:      layout_rooms, mainiacjoe_overflow_small_starburst
D:8:      layout_rooms, lair_entry_dummy, kennysheep_potato
D:9:      layout_irregular_city, kennysheep_little_box,
          amethyst_overflow_temple_binary, serial_shops, shop
D:10:     layout_basic, gammafunk_ghost_stat_death, kb_rosetta, uniq_urug
Lair:1:   layout_cave_pods, uniq_gastronok, uniq_erica
Lair:2:   layout_roguey, grunt_megastairs_3
Lair:3:   layout_long_grid, elwin_shoals_entry_rooms,
          nicolae_spider_entry_tight_spaces, gauntlet_entry_generic,
          uniq_nergalle
Gauntlet: gammafunk_gauntlet_hard_choice [gammafunk_gauntlet_arena_mazey,
          gammafunk_gauntlet_arena_arrow_garden, nicolae_gauntlet_swirl,
          gammafunk_gauntlet_arena_hedges, gammafunk_gauntlet_arena_open,
          nicolae_gauntlet_arena_t_cross, gauntlet_exit_hidden_loot]

Skill      XL: |  1  2  3  4  5  6  7  8  9 10 11 12 |
---------------+-------------------------------------+-----
Long Blades    | 3 4 5 6 8 11 13 16 | 16.0
Fighting       | 3 4 7 |  7.1
Ranged Weapons | 4 5 |  5.0
Invocations    | 1 4 |  4.6
Dodging        | |  2.4
Stealth        | |  2.4

Action                     |  1- 3 |  4- 6 |  7- 9 | 10-12 || total
---------------------------+-------+-------+-------+-------++-------
  Melee: Falchion          |   100 |   164 |     5 |       ||   269
         Bite              |    19 |    37 |    62 |   148 ||   266
         Punch             |     1 |       |     3 |    10 ||    14
         Demon blade       |       |       |   105 |       ||   105
         Double sword      |       |       |    69 |   306 ||   375
         Trishula          |       |       |     1 |       ||     1
   Fire: Shortbow          |       |     2 |    18 |       ||    20
  Throw: Throwing net      |       |       |     1 |     5 ||     6
 Invoke: Divine Shield     |       |       |       |     5 ||     5
  Evoke: Wand              |       |       |       |     9 ||     9
    Use: Potion            |       |     1 |     1 |       ||     2
         Scroll            |       |       |    17 |     7 ||    24
   Stab: Sleeping          |     9 |     4 |     4 |       ||    17
 Armour: Robe              |    10 |       |       |       ||    10
         Leather armour    |    14 |    62 |    42 |     4 ||   122
         Ring mail         |       |       |     7 |    11 ||    18
         Troll leather arm |       |       |       |    49 ||    49
  Dodge: Dodged            |    77 |   134 |   141 |   160 ||   512
  Block: Other             |       |       |       |    31 ||    31

Table legend: (Time is in decaauts)
 A = Elapsed time spent in this place.
 B = Non-inter-level travel time spent in this place.
 C = Inter-level travel time spent in this place.
 D = Time resting spent in this place.
 E = Time spent auto-exploring this place.
 F = Levels seen in this place.
 G = Mean time per level.
                   A        B        C        D        E       F      G
               +--------+--------+--------+--------+--------+-----+--------+
         Total |   9214 |   8801 |    413 |    340 |   5585 |  15 |  614.3 |
       Dungeon |   6805 |   6475 |    330 |    283 |   4231 |  10 |  680.5 |
          Lair |   1741 |   1659 |     82 |     49 |   1176 |   3 |  580.3 |
         Sewer |    340 |    340 |      0 |      0 |     20 |   1 |  340.0 |
      Gauntlet |    327 |    327 |      0 |      8 |    158 |   1 |  327.0 |
               +--------+--------+--------+--------+--------+-----+--------+

Top non-repeatable levels by time:
     D:4: 1154 daAuts
     D:6: 968 daAuts
     D:5: 948 daAuts
  Lair:1: 841 daAuts
     D:1: 832 daAuts
     D:9: 777 daAuts
  Lair:2: 768 daAuts
     D:3: 612 daAuts
     D:8: 559 daAuts
     D:2: 533 daAuts
     D:7: 416 daAuts
   Sewer: 340 daAuts
Gauntlet: 327 daAuts
  Lair:3: 132 daAuts
    D:10: 1 daAuts
